 Dungeon Crawl Stone Soup version 0.29.1-15-g9cfb28693d (webtiles) character file.

Game seed: 2628958606625660182

2816 pleonasm the Grappler (level 9, -1/133 HPs)
             Began as a Troll Chaos Knight on Apr 26, 2023.
             Was a Plaything of Xom.
             Succumbed to a water moccasin's poison
             ... on level 7 of the Dungeon.
             The game lasted 00:23:32 (4896 turns).

pleonasm the Grappler (Troll Chaos Knight)          Turns: 4896, Time: 00:23:33

Health: -1/133     AC: 24    Str: 22    XL:     9   Next: 44%
Magic:  8/8        EV:  1    Int: 12    God:    Xom [*.....]
Gold:   281        SH:  0    Dex:  7    Spells: 6/8 levels left

rFire   . . .      SeeInvis .     - Unarmed
rCold   . . .      Faith    .   (no shield)
rNeg    . . .      Spirit   .   (body armour currently unavailable)
rPois   +          Reflect  .   (helmet currently unavailable)
rElec   .          Harm     .   (cloak currently unavailable)
rCorr   +          Rampage  .   (gloves unavailable)
Will    .....      NoTele   +   (boots unavailable)
Stlth   +.........              p - amulet of magic regeneration
HPRegen 1.12/turn               l - ring of resist corrosion
MPRegen 0.51/turn               (no ring)

@: lethally poisoned (-1 -> -4), tree-form, invisible
A: stationary, stasis, torment immunity, boosted hp, large, unfitting armour,
(claws 3), regeneration 1, (shaggy fur 1), (tough skin 1), (talons 1), clumsy 1,
inability to drink after injury 1, inability to read after injury 1
a: Renounce Religion


You were on level 7 of the Dungeon.
You worshipped Xom.
You were a special plaything of Xom.
You were a tree.
You visited 1 branch of the dungeon, and saw 7 of its levels.

You collected 281 gold pieces.

Inventory:

Hand Weapons
 b - a +1 sling of freezing
 t - a +1 flail of draining
 x - a +5 flail
Missiles
 i - 73 stones
 u - 5 large rocks
 v - 2 throwing nets
Armour
 d - a +1 pair of gloves of hurling
 e - a +0 cloak (melded)
 B - a +2 robe (melded)
Magical Staves
 o - a staff of death
 A - a staff of fire
Jewellery
 l - a ring of resist corrosion (left branch)
 p - an amulet of magic regeneration (around neck)
Wands
 w - a wand of flame (7)
Scrolls
 f - 5 scrolls of teleportation
 j - a scroll of magic mapping
 k - 2 scrolls of amnesia
 m - a scroll of enchant weapon
 q - a scroll of vulnerability
 y - a scroll of poison
 C - 2 scrolls of enchant armour
Potions
 c - a potion of flight
 g - a potion of haste
Miscellaneous
 n - a piece from Xom's chessboard (15/15) (quivered)


   Skills:
 + Level 6.0 Fighting
 + Level 4.1 Throwing
 - Level 4.0 Dodging
 * Level 9.8 Unarmed Combat


You had 6 spell levels left.
You knew the following spells:

 Your Spells              Type           Power      Damage    Failure   Level
a - Blink                 Tloc           0%         N/A       45%         2

Your spell library contained the following spells:

 Spells                   Type           Power      Damage    Failure   Level
 Summon Small Mammal      Summ           0%         N/A       32%         1
 Call Canine Familiar     Summ           0%         N/A       69%         3
 Gell's Gravitas          Tloc           0%         N/A       69%         3
 Ozocubu's Armour         Ice            0%         N/A       69%         3
 Summon Guardian Golem    Hex/Summ       0%         N/A       69%         3
 Teleport Other           Tloc           0%         N/A       69%         3
 Tukima's Dance           Hex            0%         N/A       69%         3
 Passage of Golubria      Tloc           0%         N/A       97%         4
 Manifold Assault         Tloc           0%         N/A       100%        5
 Yara's Violent Unravell  Hex/Tmut       0%         3d3       100%        5
 Dispersal                Tloc           0%         N/A       100%        6
 Orb of Destruction       Conj           0%         9d5       100%        7
 Ozocubu's Refrigeration  Ice            0%         4d7       100%        7
 Spellforged Servitor     Conj/Summ      0%         N/A       100%        7
 Storm Form               Tmut/Air       0%         N/A       100%        7


Dungeon Overview and Level Annotations

Branches:
Dungeon (7/15)
 Temple: D:4-7

Altars:
Xom

Shops:
D:1 :   D:5 [   D:6 =

Annotations:
D:2 High HD shifter!!!
D:6 1 runed door ghost for morningstar, phonic's ghost, novice MiBe


Innate Abilities, Weirdness & Mutations

You are a tree.
Your roots penetrate the ground, keeping you stationary.
You cannot be teleported.
You are immune to unholy pain and torment.
Your maximum health is greatly increased.
Your equipment is partially melded.
You are too large for most types of armour.
((You have claws for hands.))
Your natural rate of healing is unusually fast.
((You are covered in fur. (AC +1)))
((You have tough skin. (AC +1)))
((You have sharp toenails.))
You are clumsy. (Dex -2)
You occasionally lose the ability to drink potions when taking damage.
You occasionally lose the ability to read scrolls when taking damage.


Message History

You feel sick.
The killer bee stings you but does no damage.
You miss the killer bee.
The killer bee is almost dead.
You feel sick.
The killer bee stings you but does no damage.
The white imp gestures at you.
The puff of frost hits you but does no damage.
The killer bee stings you but does no damage.
You smack the killer bee!
You kill the killer bee!
You feel sick. The white imp gestures at you.
The puff of frost hits you but does no damage.
Your Fighting skill increases to level 6!
You smack the orc warrior!
The orc warrior is heavily wounded.
You feel sick. The white imp gestures at you.
The puff of frost hits you but does no damage.
The orc warrior hits you but does no damage.
You hit the orc warrior but do no damage.
The orc warrior is heavily wounded.
The orc warrior hits you but does no damage.
You smack the orc warrior!
You punch the orc warrior, but do no damage.
The orc warrior is almost dead.
You feel sick. The water moccasin bites you.
* * * LOW HITPOINT WARNING * * *
You are lethally poisoned!
The water moccasin poisons you!
Okay, then.
You smack the orc warrior!
You kill the orc warrior!
* * * LOW HITPOINT WARNING * * *
You feel sick.
You closely miss the water moccasin.
The water moccasin is lightly wounded.
You die...
Xom chortles!

............§...#
.........#......#
.....yy.##...?..# #y##
######o## #oS# #..# #
##.## ##.#.# .....
#..# #o#.# ......
##.########S.5# ......
#.........#♣### ......
#..........§.###......
#.........#.§.)....#
#########........#.##
#....#........##
...######.###...### #.
.## #.......... ##.
##......## ...
##......# #..


You could see a water moccasin (unable to see you), an orc priest (unable to see
you), a white imp (unable to see you) and an orc (wandering, unable to see you).

Vanquished Creatures
  Pikel (D:4)
  A water moccasin (D:6)
  An orc warrior (D:7)
  A sky beast (D:6)
  A black bear (D:4)
  An ice beast (D:5)
  3 ogres
  A lemure (D:4)
  2 phantoms
  Blork the orc (D:6)
  2 bullfrogs
  A necrophage (D:4)
  2 scorpions
  9 wights
  3 killer bees (D:7)
  Crazy Yiuf (D:3)
  4 orc priests
  A gnoll bouda (D:5)
  A hound (D:5)
  3 iguanas (D:6)
  An orc wizard (D:4)
  Terence (D:3)
  9 adders
  11 gnolls
  A white imp (D:5)
  3 ufetubi
  2 worms (D:5)
  2 dart slugs
  13 orcs
  8 ball pythons
  2 endoplasms
  4 giant cockroaches
  5 goblins
  7 hobgoblins
  8 jackals
  4 quokkas
  3 bats
  7 frilled lizards
  5 kobolds
  4 rats
140 creatures vanquished.

Vanquished Creatures (collateral kills)
  A quokka (D:5)
1 creature vanquished.

Vanquished Creatures (others)
  A wight (D:5)
1 creature vanquished.

Grand Total: 142 creatures vanquished

Notes
Turn   | Place    | Note
-------+----------+-------------------------------------------
     0 | D:1      | pleonasm the Troll Chaos Knight began the quest for the
                  | Orb.
     0 | D:1      | Reached XP level 1. HP: 22/22 MP: 0/0
     9 | D:1      | Noticed an imperial myrmidon
     9 | D:1      | Noticed a komodo dragon
    10 | D:1      | Noticed a centaur warrior
    44 | D:1      | XOM: potion effect (haste)
   112 | D:1      | Reached XP level 2. HP: 29/29 MP: 1/1
   160 | D:1      | Found a faded altar of an unknown god.
   173 | D:1      | XOM: divination: magic mapping
   219 | D:1      | Found Ibbuh's Book Shoppe.
   679 | D:2      | Reached XP level 3. HP: 31/36 MP: 2/2
   691 | D:2      | XOM: noise
   777 | D:2      | Reached skill level 4 in Unarmed Combat
   778 | D:2      | Reached XP level 4. HP: 44/44 MP: 3/3
   855 | D:2      | XOM: potion effect (invisibility)
   952 | D:2      | Noticed a glowing shapeshifter
   952 | D:2      | a ball python changed into a glowing shapeshifter
   952 | D:2      | XOM: polymorph ball python -> glowing shapeshifter
   952 | D:2      | Noticed a glowing orange brain
   952 | D:2      | a glowing shapeshifter changed into a glowing orange brain
   960 | D:2      | Noticed a glowing orange brain
   961 | D:2      | Noticed a lindwurm
   961 | D:2      | a glowing orange brain changed into a lindwurm
   981 | D:3      | XOM: god gift: staff of death
  1030 | D:3      | Noticed Terence
  1056 | D:3      | Killed Terence
  1460 | D:3      | XOM is BORED!
  1460 | D:3      | XOM: draining
  1523 | D:3      | Found a runed translucent door.
  1524 | D:3      | Noticed Crazy Yiuf
  1534 | D:3      | Killed Crazy Yiuf
  1535 | D:3      | Reached XP level 5. HP: 46/48 MP: 4/4
  1689 | D:3      | XOM: divination: detect creatures
  1697 | D:4      | Gained mutation: You occasionally lose the ability to read
                  | scrolls when taking damage. [potion of mutation]
  1697 | D:4      | Gained mutation: You occasionally lose the ability to drink
                  | potions when taking damage. [potion of mutation]
  1697 | D:4      | Gained mutation: You are robust. (+10% HP) [potion of
                  | mutation]
  1697 | D:4      | Gained mutation: You have sharp toenails. [potion of
                  | mutation]
  1719 | D:4      | XOM: god gift: ring of resist corrosion
  1766 | D:4      | Noticed a phantom
  1776 | D:4      | XOM: fake destruction
  1785 | D:4      | XOM: noise
  1789 | D:4      | Killed a phantom
  1790 | D:4      | Reached skill level 5 in Unarmed Combat
  1790 | D:4      | Reached XP level 6. HP: 63/67 MP: 5/5
  1919 | D:4      | Noticed Pikel
  1944 | D:4      | XOM: cast spell 'Summon Small Mammal'
  1953 | D:4      | Killed Pikel
  1954 | D:4      | Reached skill level 6 in Unarmed Combat
  1954 | D:4      | Reached XP level 7. HP: 62/78 MP: 6/6
  1959 | D:4      | Learned a level 2 spell: Blink
  2023 | D:4      | XOM: fake destruction
  2031 | D:4      | Reached skill level 7 in Unarmed Combat
  2066 | D:4      | Reached skill level 1 in Throwing
  2066 | D:4      | Reached XP level 8. HP: 72/86 MP: 7/7
  2355 | D:4      | XOM: 4-stop teleportation journey
  2669 | D:5      | Entered Level 5 of the Dungeon
  2695 | D:5      | XOM: summons 5 hostile demons
  2745 | D:5      | XOM: summons friendly shadow imp
  2819 | D:5      | XOM: destruction
  2867 | D:5      | XOM: polymorph shadow imp -> white imp
  2956 | D:5      | XOM: summons friendly crimson imp
  2968 | D:5      | Reached skill level 5 in Fighting
  2968 | D:5      | Reached skill level 8 in Unarmed Combat
  3137 | D:5      | XOM: polymorph orc -> rat
  3253 | D:5      | Found Fosiuq's Armour Shoppe.
  3337 | D:5      | XOM: 1-stop teleportation journey
  3396 | D:5      | Identified the +0 pair of boots of Heehar {rN+}
  3458 | D:5      | XOM: scenery: create altars
  3682 | D:5      | XOM: scenery: 1 doors open, 1 doors close
  3728 | D:6      | Found Jolewo's Jewellery Shop.
  3741 | D:6      | XOM: blink monster(s)
  3833 | D:6      | Noticed Blork the orc
  3834 | D:6      | XOM: fake destruction
  3842 | D:6      | Killed Blork the orc
  3843 | D:6      | Reached XP level 9. HP: 96/96 MP: 8/8
  3857 | D:6      | Reached skill level 9 in Unarmed Combat
  3874 | D:6      | XOM: god gift: scroll labelled YZXEJOGG BAEMM {god gift}
  3958 | D:6      | Found a runed translucent door.
  3958 | D:6      | Found a shimmering altar of Xom.
  3958 | D:6      | Noticed phonic's ghost (novice MiBe)
  3958 | D:6      | Noticed a +2 flail of chaos
  4430 | D:6      | XOM: divination: detect items
  4595 | D:6      | XOM: god gift: 7 stones
  4692 | D:7      | XOM: stealth player
  4700 | D:7      | XOM: give mutations
  4700 | D:7      | Lost mutation: You are robust. (+10% HP) [Xom's mischief]
  4700 | D:7      | Gained mutation: You are clumsy. (Dex -2) [Xom's mischief]
  4861 | D:7      | XOM: 2-stop teleportation journey
  4868 | D:7      | XOM: blink monster(s)
  4870 | D:7      | XOM: enchant monster (bad)
  4872 | D:7      | XOM: fog
  4874 | D:7      | HP: 4/89 [poisoned by a killer bee]
  4892 | D:7      | HP: 6/133 [poisoned by a killer bee]
  4894 | D:7      | HP: 2/133 [water moccasin (4)]
  4896 | D:7      | Succumbed to a water moccasin's poison

Illustrated notes

Levels and vault maps discovered:
D:1:      onia_arrival_zoo_common, layout_basic, serial_shops,
          nicolae_diamond_shop, ebering_ecumenical_altar_abandoned
D:2:      layout_basic, patterned_corridor
D:3:      layout_loops_ring, minmay_unequal, uniq_terence,
          uniq_crazy_yiuf_cottage
D:4:      layout_cave_pods, uniq_pikel
D:5:      layout_basic, serial_shops, shop, small_statue_intersection,
          feat_on_display
D:6:      layout_loops_ring, ebering_ghost_xom, kennysheep_crisscross,
          st_stairs_4, nicolae_stop_n_shop_1, uniq_blork_the_orc
D:7:      layout_rooms, minmay_temple_entry_statues_pillars,
          kennysheep_small_spiral

Skill      XL: |  1  2  3  4  5  6  7  8  9 |
---------------+----------------------------+-----
Dodging        | 2 3 4 |  4.0
Unarmed Combat | 4 5 6 7 8 9 |  9.8
Fighting       | 3 4 5 6 |  6.0
Throwing       | 1 3 4 |  4.1

Action                   |  1- 3 |  4- 6 |  7- 9 || total
-------------------------+-------+-------+-------++-------
Melee: Unarmed           |    73 |   139 |   240 ||   452
       Punch             |     1 |     2 |    12 ||    15
       Kick              |       |     9 |    49 ||    58
Evoke: Wand              |       |       |     3 ||     3
  Use: Potion            |     1 |     7 |     6 ||    14
       Scroll            |       |     4 |     6 ||    10
 Stab: Invisible         |       |     1 |     1 ||     2
Armor: Robe              |    20 |    67 |    61 ||   148
       Skin              |       |       |    37 ||    37
Dodge: Dodged            |    34 |    84 |   108 ||   226
